 Dungeon Crawl Stone Soup version 0.19-a0-1494-gdfa627f (webtiles) character file.

737 rageheart7 the Nimble (level 7, -2/32 HPs)
             Began as a Spriggan Artificer on Sept 10, 2016.
             Slain by Menkaure (23 damage)
             ... on level 5 of the Dungeon.
             The game lasted 00:08:38 (5012 turns).

rageheart7 the Nimble (Spriggan Artificer)          Turns: 5012, Time: 00:08:39

Health: -2/32      AC:  2    Str:  8    XL:     7   Next: 46%
Magic:  11/11      EV: 26    Int: 16    God:
Gold:   336        SH: 12    Dex: 19    Spells: 0 memorised, 6 levels left

rFire  . . .     SeeInvis +     y - +1 rapier
rCold  . . .     Gourm    .     b - +0 robe
rNeg   . . .     Faith    .     j - +0 buckler
rPois  .         Spirit   .     (helmet restricted)
rElec  .         Dismiss  .     (no cloak)
rCorr  .         Reflect  +     (gloves unavailable)
MR     +....     Harm     .     (boots unavailable)
Stlth  ++++......               h - +6 amulet of reflection
                                (no ring)
                                u - +4 ring of intelligence

@: very quick
A: unfitting armour, see invisible, herbivore 3, speed 3, slow metabolism 2
a: no special abilities


You were on level 5 of the Dungeon.
You were not hungry.

You visited 1 branch of the dungeon, and saw 5 of its levels.
You also visited: Sewer.

You collected 336 gold pieces.

Inventory:

Hand Weapons
 p - a +0 hunting sling
 y - a +1 rapier (weapon)
Missiles
 q - 117 stones (quivered)
 s - 5 tomahawks
Armour
 b - a +0 robe (worn)
 j - a +0 buckler (worn)
Jewellery
 h - a +6 amulet of reflection (around neck)
 u - a +4 ring of intelligence (left hand)
 C - an uncursed ring of wizardry
Wands
 c - a wand of flame (15/48)
 d - a wand of enslavement (7/24)
 e - a wand of random effects (0/48)
 v - a wand of random effects (14/48)
Scrolls
 a - 2 scrolls of teleportation {unknown}
 n - 2 scrolls of fear
 o - 2 scrolls of remove curse
 r - a scroll of recharging
 x - a scroll of fog {unknown}
 D - a scroll of magic mapping
Potions
 g - 3 potions of lignification
 i - 3 potions of heal wounds
 l - a potion of flight {unknown}
 m - a potion of brilliance {unknown}
 t - 3 potions of ambrosia
 w - a potion of curing {unknown}
 z - a potion of magic {unknown}
 E - a potion of might {unknown}
Books
 k - a book of Cantrips

   Spells                             Type                      Level
   a - Confusing Touch                Hexes                        1
   b - Animate Skeleton               Necromancy                   1
   c - Summon Small Mammal            Summoning                    1
   d - Apportation                    Translocation                1
Comestibles
 f - 6 bread rations
 A - 6 fruits
 B - a slice of pizza


   Skills:
 - Level 0.7 Fighting
 - Level 1.1 Short Blades
 + Level 9.8 Dodging
 * Level 6.9 Stealth
 - Level 1.5 Shields
 - Level 4.0 Evocations


You had 6 spell levels left.
You didn't know any spells.

Dungeon Overview and Level Annotations

Branches:
Dungeon (5/15)
 Temple: D:4-7

Altars:
Ashenzari
Okawaru
Qazlal
The Shining One

Annotations:
D:5 Menkaure


Innate Abilities, Weirdness & Mutations

You are tiny and cannot use many weapons and most armour.
You have supernaturally acute eyesight. (SInv)
You are a herbivore.
You cover ground extremely quickly.
You need consume almost no food.


Message History

Menkaure, Prince of Dust comes into view.
Found 10 gold pieces.
Menkaure is nearby!
Menkaure shouts!
Menkaure mumbles some strange words.
Menkaure seems to speed up.
You puncture Menkaure!
Menkaure is moderately damaged.
Menkaure points at you and mumbles some strange words.
You resist with significant effort.
You barely miss Menkaure.
Menkaure is moderately damaged.
Menkaure closely misses you.
Menkaure gestures at you while chanting.
Pain shoots through your body!
You closely miss Menkaure.
Menkaure is moderately damaged.
Menkaure hits you!!
Ouch! That really hurt!
You die...

........#..#
....#...#.<#
......#.....#
....#.#...#..#
....#.#...##.#
....#.....##.###
..........# ...# #####
..........####.###...$..
..........##....@M.#
..........#..#.#####
........... ##..##
.......#..###....#
..............####
.......#...####
......%#....######
..........#......##
#.....##....####..#


You could see Menkaure.

Vanquished Creatures
  Grinder (D:3)
  An ogre (D:4)
  A crocodile (Sewer)
  A scorpion (D:4)
  A howler monkey (D:4)
  A jelly (D:5)
  A hound (D:4)
  An orc priest (D:4)
  2 worker ants (D:4)
  4 adders
  3 worms
  A dart slug (D:2)
  3 giant geckos
  14 orcs
  7 giant cockroaches
  7 goblins
  10 hobgoblins
  2 jackals (Sewer)
  4 quokkas
  2 ball pythons
  9 bats
  A giant cockroach zombie (D:5)
  4 giant newts
  5 kobolds
  3 quokka skeletons (D:4)
  6 rats
95 creatures vanquished.

Vanquished Creatures (collateral kills)
  4 orcs
  A giant cockroach (D:5)
5 creatures vanquished.

Vanquished Creatures (others)
  An orc (D:4)
  A kobold (Sewer)
2 creatures vanquished.

Grand Total: 102 creatures vanquished

Notes
Turn   | Place    | Note
-------+----------+-------------------------------------------
     0 | D:1      | rageheart7 the Spriggan Artificer began the quest for the Orb.
     0 | D:1      | Reached XP level 1. HP: 9/9 MP: 4/4
   470 | D:1      | Reached XP level 2. HP: 14/14 MP: 6/6
   604 | D:1      | Reached skill level 4 in Dodging
  1226 | D:2      | Reached XP level 3. HP: 17/17 MP: 7/7
  1330 | D:2      | Reached skill level 5 in Dodging
  1467 | D:2      | Found a shattered altar of Ashenzari.
  1467 | D:2      | Found a stormy altar of Qazlal.
  1990 | D:3      | Noticed Grinder
  2008 | D:3      | Reached XP level 4. HP: 5/21 MP: 8/8
  2017 | D:3      | Killed Grinder
  2017 | D:3      | Reached skill level 7 in Dodging
  2017 | D:3      | Reached skill level 5 in Stealth
  2017 | D:3      | Reached skill level 1 in Shields
  2017 | D:3      | Reached XP level 5. HP: 7/25 MP: 9/9
  2017 | D:3      | Reached XP level 6. HP: 8/29 MP: 10/10
  2303 | D:3      | Found a faded altar of an unknown god.
  3184 | D:4      | Reached skill level 8 in Dodging
  3269 | D:4      | Found an iron altar of Okawaru.
  3318 | D:4      | Found a glowing drain.
  3341 | Sewer    | Entered a sewer
  4012 | D:4      | Reached skill level 9 in Dodging
  4012 | D:4      | Reached XP level 7. HP: 32/32 MP: 11/11
  4034 | D:4      | Found a glowing golden altar of the Shining One.
  4788 | D:5      | Entered Level 5 of the Dungeon
  5007 | D:5      | Noticed Menkaure
  5012 | D:5      | Slain by Menkaure

Vault maps used:
D:1:      eino_arrival_cavern_c
D:2:      amethyst_overflow_temple_binary, kennysheep_cross_bottleneck
D:3:      first_bread, ecumenical_altar_1, lemuel_another_geyser, uniq_grinder
D:4:      nicolae_tso_carved_into_rock, overflow_temple_1_default,
          portal_sewer_entry_f, kennysheep_cross_room, kennysheep_small_square
D:5:      kennysheep_mini_moat, solitary_fountain, uniq_menkaure
Sewer:    sewer_the_crocodile

Skill      XL: |  1  2  3  4  5  6 |
---------------+-------------------+-----
Stealth        | 2 3 5 6 |  6.9
Dodging        | 4 5 7 9 |  9.8
Shields        | 1 |  1.5
Fighting       | |  0.7
Short Blades   | |  1.1
Evocations     | |  4.0

Action                   |  1- 3 |  4- 6 |  7- 9 || total
-------------------------+-------+-------+-------++-------
Melee: Short sword       |   155 |   198 |       ||   353
       Rapier            |       |     6 |    92 ||    98
Evoke: Wand              |     6 |    32 |     9 ||    47
  Use: Potion            |     1 |       |       ||     1
       Scroll            |       |     7 |     3 ||    10
 Stab: Sleeping          |     8 |     4 |     3 ||    15
       Paralysed         |       |     2 |       ||     2
  Eat: Bread ration      |       |     1 |       ||     1
Armor: Robe              |     8 |     5 |     3 ||    16
Dodge: Dodged            |    90 |   151 |    60 ||   301
Block: Buckler           |    66 |   146 |    68 ||   280
       Reflection        |     2 |     1 |     1 ||     4
